cohdb
Replays
Latest Replays
All Replays
Popular Replays
Top Player Replays
Match Explorer
How It Works
Community
CoH3 Stats
Reddit
Sign in to upload your games and track your stats! →
Sign in with Steam
Match 25601658
Unlisted
Match 25601658
Overview
Messages
Build Orders
End
Construct Barracks
Selects Airborne Battlegroup
Selects Heavy Machine Gun Paradrop
Heavy Machine Gun Paradrop
Riflemen Squad
Riflemen Squad
Grenade Package
Heavy Machine Gun Paradrop
Selects Paratrooper Squad Paradrop
Air Support Center
Paratrooper Squad Paradrop
M1918 Browning Automatic Rifles
Grasshopper Recon Run
Selects Anti-tank Gun Team Paradrop
Anti-tank Gun Team Paradrop
Construct Motor Pool
Eliasga89
Eber
MasterStef
Venom snake
morgoe
UneXplain
0
0
Comments
sign in to comment!
No comments posted yet!